 Dungeon Crawl Stone Soup version 0.29.1-15-g9cfb28693d (webtiles) character file.

Game seed: 15764227207660802755

12701 raph the Impaler (level 11, -5/97 HPs)
             Began as a Minotaur Fighter on Feb 23, 2023.
             Was an Elder of Makhleb.
             Slain by an ogre
             ... wielding a +0 giant club
             ... led by Lodul
              (19 damage)
             ... on level 11 of the Dungeon.
             The game lasted 00:14:00 (11206 turns).

raph the Impaler (Minotaur Fighter)                Turns: 11206, Time: 00:14:00

Health: -5/97      AC: 18    Str: 21    XL:     11   Next: 65%
Magic:  0/15       EV:  9    Int:  5    God:    Makhleb [****..]
Gold:   170        SH:  0    Dex: 14    Spells: 10/10 levels left

rFire   . . .      SeeInvis .   a - +5 scythe "Finisher" {speed, eviscerate}
rCold   . . .      Faith    .   (shield currently unavailable)
rNeg    . . .      Spirit   +   g - +1 plate armour
rPois   .          Reflect  .   (helmet restricted)
rElec   .          Harm     .   (no cloak)
rCorr   +          Rampage  .   (no gloves)
Will    .....                   A - +2 pair of boots
Stlth   ..........              r - amulet of guardian spirit
HPRegen 0.26/turn               h - ring of resist corrosion
MPRegen 0.14/turn               (no ring)

@: mighty, spiked
A: horns 2, retaliatory headbutt
a: Renounce Religion, Minor Destruction, Lesser Servant of Makhleb, Major
Destruction


You were on level 11 of the Dungeon.
You worshipped Makhleb.
Makhleb was greatly pleased with you.
You visited 1 branch of the dungeon, and saw 11 of its levels.

You collected 654 gold pieces.
You spent 484 gold pieces at shops.

Inventory:

Hand Weapons
 a - the +5 scythe "Finisher" (weapon) {speed, eviscerate}
   (You bought it in a shop on level 7 of the Dungeon)

   Attacks with this weapon are significantly faster.
   It may eviscerate those it strikes, slaying them instantly, with a decreasing
   chance against stronger foes.
 b - a +1 trident of electrocution
Missiles
 f - 56 poisoned darts (quivered)
 D - 3 boomerangs
Armour
 c - a +1 buckler
 g - a +1 plate armour (worn)
 A - a +2 pair of boots (worn)
Jewellery
 h - a ring of resist corrosion (left hand)
 r - an amulet of guardian spirit (around neck)
 G - a +6 ring of intelligence
Wands
 v - a wand of roots (13)
 B - a wand of light (12)
 C - a wand of polymorph (2)
Scrolls
 j - 4 scrolls of identify
 o - 5 scrolls of teleportation
 q - 2 scrolls of fear
 u - a scroll of blinking
 w - 2 scrolls of immolation
 z - 2 scrolls of poison
 F - a scroll of fog
Potions
 d - a potion of might
 e - a potion of resistance
 i - a potion of magic
 k - a potion of invisibility
 l - 3 potions of heal wounds
 p - 2 potions of flight
 s - 2 potions of brilliance
 t - 2 potions of berserk rage
 x - a potion of ambrosia
 E - a potion of cancellation


   Skills:
 + Level 9.0 Fighting
 + Level 15.4 Polearms
 + Level 9.0 Armour
 + Level 7.3 Dodging
 - Level 3.6 Shields
 + Level 6.7 Invocations


You had 10 spell levels left.
You didn't know any spells.
Your spell library contained the following spells:

 Spells                   Type           Power      Damage    Failure   Level
 Apportation              Tloc           0%         N/A       100%        1
 Beastly Appendage        Tmut           0%         N/A       100%        1
 Necrotise                Necr           0%         1d4       100%        1
 Summon Small Mammal      Summ           0%         N/A       100%        1
 Blink                    Tloc           0%         N/A       100%        2
 Static Discharge         Conj/Air       0%         3-3/arc   100%        2
 Sublimation of Blood     Necr           0%         N/A       100%        2
 Wereblood                Tmut           0%         N/A       100%        2
 Call Canine Familiar     Summ           0%         N/A       100%        3
 Gell's Gravitas          Tloc           0%         N/A       100%        3
 Lesser Beckoning         Tloc           0%         N/A       100%        3
 Ozocubu's Armour         Ice            0%         N/A       100%        3
 Spider Form              Tmut/Pois      0%         N/A       100%        3
 Summon Guardian Golem    Hex/Summ       0%         N/A       100%        3
 Teleport Other           Tloc           0%         N/A       100%        3
 Olgreb's Toxic Radiance  Pois           0%         N/A       100%        4
 Petrify                  Tmut/Erth      0%         N/A       100%        4
 Irradiate                Conj/Tmut      0%         3d11      100%        5
 Iskenderun's Battlesphe  Conj           0%         2d6       100%        5
 Lightning Bolt           Conj/Air       0%         1d11      100%        5
 Manifold Assault         Tloc           0%         N/A       100%        5
 Metabolic Englaciation   Hex/Ice        0%         N/A       100%        5
 Iron Shot                Conj/Erth      0%         9d1       100%        6
 Simulacrum               Ice/Necr       0%         N/A       100%        6
 Malign Gateway           Summ/Tloc      0%         N/A       100%        7
 Ozocubu's Refrigeration  Ice            0%         4d7       100%        7
 Spellforged Servitor     Conj/Summ      0%         N/A       100%        7
 Storm Form               Tmut/Air       0%         N/A       100%        7
 Ignition                 Fire           0%         3d3       100%        8
 Maxwell's Capacitive Co  Air            0%         ∞         100%        8
 Summon Horrible Things   Summ           0%         N/A       100%        8


Dungeon Overview and Level Annotations

Branches:
Dungeon (11/15)            Temple (0/1) D:7             Orc (0/2) D:10
   Lair: D:8-11

Altars:
Ashenzari
Cheibriados
Elyvilon
Gozag
Hepliaklqana
Kikubaaqudgha
Makhleb
Nemelex Xobeh
Ru
Sif Muna
Trog
Uskayaw
Vehumet
Wu Jian

Shops:
D:7 (

Portals:
Trove: D:10 (give +2 shadow dragon scales)

Annotations:
D:5 1 runed translucent door, p0werm0de's ghost, novice PaCK
D:11 Lodul


Innate Abilities, Weirdness & Mutations

You have a pair of horns on your head.
You reflexively headbutt those who attack you in melee.


Message History

The bolt of fire hits your centaur!! The ogre barely misses you.
You furiously retaliate!
You headbutt the ogre!
Your unseen horror closely misses the manticore.
Your centaur hits the ogre.
Your centaur kicks the ogre.
Your centaur hits the ogre.
Your centaur kicks the ogre but does no damage.
You feel much better.
Your unseen horror hits the manticore but does no damage.
Your orc wizard gestures wildly while chanting.
Your orc wizard flickers and vanishes for a moment.
Your orc hits the manticore from afar with a +0 trident.
Your orc priest invokes the aid of Beogh against the manticore.
The manticore is smitten.
Your orc barely misses the efreet.
Your orc hits the manticore but does no damage.
Your centaur hits the ogre but does no damage.
Your centaur kicks the ogre but does no damage.
Your centaur hits the ogre but does no damage.
Your centaur kicks the ogre.
The manticore closely misses your orc. The manticore claws your orc!
Your orc dies!
Your orc's corpse dissolves into shadows!
Your hellwing hits the manticore! x2
The ogre hits your centaur with a +0 giant club!
Your centaur dies!
Your centaur's corpse dissolves into shadows!
The ogre hits you with a +0 giant club.
* * * LOW HITPOINT WARNING * * *
You barely miss the ogre.
The ogre is lightly wounded.
Your unseen horror hits the manticore.
Your centaur barely misses the ogre.
Your centaur kicks the ogre.
Your shadow slips into darkness.
Your shadow flickers and vanishes for a moment.
Your orc hits the manticore from afar with a +0 trident.
The efreet hits you with a +2 scimitar of flaming!
* * * LOW HITPOINT WARNING * * *
The efreet burns you.
* * * LOW HITPOINT WARNING * * *
The ogre hits you with a +0 giant club!!
You die...

#...#
........#..........
........#..........
#######.....#..........
......#.....#..........
......#.....#..........
......##+####.........#
........o.).........####
...O.{O.W......)..###>.<
+###OO@o.......###.#...
#cORH..o..###...#...
+..°....###.....#...
#..4..###.......#...
#..x###>........'...
..... ###.......#...
...... ###.....#...
....... ###...#...
###.#...


You could see a manticore (ally target), an efreet, 5 ogres, a friendly hellwing
(summoned), a friendly unseen horror (summoned, invisible), a friendly shadow
(summoned, invisible), a friendly centaur (summoned), a friendly orc priest
(summoned), a friendly orc wizard (summoned, invisible) and a friendly orc
(summoned).

Vanquished Creatures
  2 two-headed ogres
  A centaur warrior (D:11)
  A skeletal warrior (D:11)
  Pikel (D:5)
  A cyclops (D:10)
  Maggie (D:9)
  3 kobold demonologists (D:9)
  A hornet (D:8)
  Grinder (D:3)
  A slime creature (D:11)
  15 yaks
  2 wraiths
  A shadow (D:11)
  3 wyverns
  A vampire mosquito (D:7)
  A steam dragon (D:9)
  Edmund (D:5)
  A water moccasin (D:9)
  3 orc warriors
  4 sky beasts
  6 ogres
  A centaur (D:7)
  3 phantoms
  5 kobold brigands
  4 bullfrogs
  An elf skeleton (D:5)
  A gnoll sergeant (D:9)
  A scorpion (D:5)
  8 wights
  8 killer bees (D:9)
  An electric eel (D:10)
  6 howler monkeys
  3 hounds
  A jelly (D:6)
  7 orc priests
  A gnoll bouda (D:7)
  Jessica (D:3)
  A human skeleton (D:5)
  4 iguanas
  7 orc wizards
  16 gnolls
  5 adders
  2 shadow imps
  A white imp (D:6)
  4 ufetubi
  2 adder zombies (D:3)
  2 adder skeletons (D:3)
  A worm (D:3)
  5 dart slugs
  37 orcs
  6 ball pythons
  7 endoplasms
  3 giant cockroaches
  5 goblins
  9 hobgoblins
  4 quokkas
  2 ball python zombies (D:3)
  3 bats
  3 frilled lizards
  A giant cockroach zombie (D:3)
  24 kobolds
  3 orc skeletons (D:5)
  An orc zombie (D:5)
  A quokka skeleton (D:3)
  7 rats
269 creatures vanquished.

Vanquished Creatures (collateral kills)
  A vampire (D:10)
1 creature vanquished.

Vanquished Creatures (others)
  6 plants (D:7)
  2 withered plants (D:3)
8 creatures vanquished.

Grand Total: 278 creatures vanquished

Notes
Turn   | Place    | Note
-------+----------+-------------------------------------------
     0 | D:1      | raph the Minotaur Fighter began the quest for the Orb.
     0 | D:1      | Reached XP level 1. HP: 19/19 MP: 0/0
    24 | D:1      | Reached skill level 3 in Polearms
    97 | D:1      | Reached XP level 2. HP: 24/26 MP: 1/1
   142 | D:1      | Found a faded altar of an unknown god.
   251 | D:1      | Reached skill level 4 in Polearms
   338 | D:1      | Reached XP level 3. HP: 30/31 MP: 2/2
   941 | D:2      | Identified the +7 mace of Defence by Offence {vorpal,
                  | Int+2}
  1795 | D:3      | Noticed Jessica
  1797 | D:3      | Killed Jessica
  1798 | D:3      | Reached skill level 5 in Polearms
  1798 | D:3      | Reached XP level 4. HP: 36/39 MP: 3/3
  1988 | D:3      | Found a snail-covered altar of Cheibriados.
  2081 | D:3      | Found a burning altar of Makhleb.
  2161 | D:3      | Became a worshipper of Makhleb the Destroyer
  2244 | D:3      | Noticed Grinder
  2251 | D:3      | Paralysed by Grinder for 5 turns
  2257 | D:3      | Killed Grinder
  2258 | D:3      | Reached skill level 7 in Polearms
  2258 | D:3      | Reached XP level 5. HP: 37/45 MP: 4/4
  2258 | D:3      | Reached XP level 6. HP: 41/51 MP: 5/5
  2432 | D:3      | Found an ornate altar of the Wu Jian Council.
  2612 | D:4      | Found a bloodstained altar of Trog.
  2618 | D:4      | Reached skill level 8 in Polearms
  2725 | D:4      | Reached skill level 9 in Polearms
  2725 | D:4      | Reached XP level 7. HP: 30/57 MP: 6/6
  3037 | D:4      | Reached skill level 10 in Polearms
  3448 | D:5      | Entered Level 5 of the Dungeon
  3456 | D:5      | Noticed Pikel
  3479 | D:5      | Killed Pikel
  3480 | D:5      | Reached skill level 11 in Polearms
  3480 | D:5      | Reached XP level 8. HP: 12/64 MP: 2/7
  3792 | D:5      | Reached skill level 12 in Polearms
  3804 | D:5      | Identified the +0 scale mail "Teulaqisch" {Fly rN+++ Int+5
                  | Dex-2}
  4040 | D:5      | Reached * piety under Makhleb
  4249 | D:5      | Found a runed translucent door.
  4251 | D:5      | Noticed p0werm0de's ghost (novice PaCK)
  4675 | D:5      | Reached skill level 13 in Polearms
  4748 | D:5      | Noticed Edmund
  4758 | D:5      | Killed Edmund
  5318 | D:6      | You fall into a shaft and drop 3 floors!
  5322 | D:9      | Noticed Maggie
  5330 | D:9      | Noticed a kobold demonologist
  5331 | D:9      | Noticed a kobold demonologist
  5494 | D:8      | Found a broken altar of Ashenzari.
  5503 | D:7      | Reached skill level 1 in Dodging
  5503 | D:7      | Reached skill level 1 in Invocations
  5555 | D:7      | Reached XP level 9. HP: 69/71 MP: 8/8
  5903 | D:6      | Reached ** piety under Makhleb
  5958 | D:6      | Reached skill level 5 in Armour
  5964 | D:6      | Reached skill level 5 in Fighting
  6416 | D:7      | Found a staircase to the Ecumenical Temple.
  6594 | D:7      | Found Efetamn's Weapon Shoppe.
  6878 | D:7      | Bought the +5 scythe "Finisher" {speed, eviscerate} for 484
                  | gold pieces
  6878 | D:7      | Found the +5 scythe "Finisher" {speed, eviscerate}
  7064 | D:7      | Reached skill level 14 in Polearms
  7237 | D:7      | Found a white marble altar of Elyvilon.
  7483 | D:8      | Found a hide-covered altar of Uskayaw.
  7489 | D:8      | Paralysed by a hornet for 2 turns
  7494 | D:8      | Paralysed by a hornet for 2 turns
  8278 | D:8      | Reached XP level 10. HP: 83/83 MP: 11/11
  8409 | D:9      | Reached *** piety under Makhleb
  8481 | D:9      | Killed Maggie
  8666 | D:9      | Found a hide-covered altar of Uskayaw.
  8723 | D:9      | Reached skill level 5 in Dodging
  8854 | D:9      | Reached skill level 5 in Invocations
  9129 | D:9      | Found an ancient bone altar of Kikubaaqudgha.
  9393 | D:10     | Entered Level 10 of the Dungeon
  9412 | D:10     | Reached XP level 11. HP: 89/94 MP: 12/14
  9683 | D:10     | Reached **** piety under Makhleb
  9695 | D:10     | Reached skill level 15 in Polearms
 10047 | D:10     | Found a portal to a secret trove of treasure.
 10198 | D:10     | Found a sparkling altar of Nemelex Xobeh.
 10207 | D:10     | Found a hazy altar of Hepliaklqana.
 10213 | D:10     | Found an opulent altar of Gozag.
 10216 | D:10     | Found a shimmering blue altar of Sif Muna.
 10218 | D:10     | Found a sacrificial altar of Ru.
 10223 | D:10     | Found a radiant altar of Vehumet.
 10275 | D:10     | Noticed a two-headed ogre
 10283 | D:10     | Killed a two-headed ogre
 10769 | D:10     | Found a staircase to the Orcish Mines.
 10965 | D:11     | Noticed a centaur warrior
 10968 | D:11     | Noticed a skeletal warrior
 10972 | D:11     | Killed a centaur warrior
 10973 | D:11     | Killed a skeletal warrior
 11188 | D:11     | Noticed a two-headed ogre
 11193 | D:11     | Killed a two-headed ogre
 11197 | D:11     | Noticed Lodul
 11206 | D:11     | Slain by an ogre

Illustrated notes

Levels and vault maps discovered:
D:1:      eino_arrival_water_cross, layout_rooms,
          shapermc_ecumenical_altar_starsandcircs
D:2:      layout_basic, grunt_ministairs_2
D:3:      layout_rooms, mainiacjoe_overflow_alcove_1,
          mainiacjoe_overflow_catch_the_wave, serial_undead, serial_undead_a,
          serial_undead_b, serial_undead_f, serial_undead_c, serial_undead_d,
          uniq_jessica, uniq_grinder
D:4:      layout_cave_pools, trog_three_pillars_becter, kennysheep_windowed_goal
D:5:      minmay_general_purpose_star, layout_loops_ring,
          nicolae_ossuary_entry_catacombs, ebering_ghost_reflecting_pool,
          abandoned_shop, uniq_edmund, uniq_pikel
D:6:      layout_rooms, kennysheep_generic_room_12
D:7:      layout_basic, nicolae_elyvilon_temple_path,
          minmay_temple_entry_gardened_gates, serial_shops,
          nicolae_shop_bloodbath_and_beyond
D:8:      layout_basic, hangedman_feature_mirror, minmay_tree_intersection
D:9:      layout_rooms, mainiacjoe_overflow_small_starburst,
          mainiacjoe_overflow_surrounded_room, uniq_maggie
D:10:     layout_basic, nicolae_overflow_hallway_of_the_gods, david_orc_5,
          serial_aquarium, aquarium_bridge_straight [aquarium_subvault_bridge,
          aquarium_subvault_balcony, aquarium_subvault_bridge,
          aquarium_subvault_wall], aquarium_bridge_long_joined
          [aquarium_subvault_wall, aquarium_subvault_wall,
          aquarium_subvault_wall, aquarium_subvault_wall,
          aquarium_subvault_bridge, aquarium_subvault_wall], aquarium_window_1,
          aquarium_window_fake, aquarium_window_2, aquarium_view_2b,
          aquarium_balcony_3a, aquarium_pool_side, trove_entry_hex_spiral,
          lightli_minifort
D:11:     minmay_diamond_stairs, layout_irregular_city, david_lair_generic,
          serial_shops, kennysheep_mini, kennysheep_mini_moat,
          nicolae_take_the_stairs, lightli_airlock, uniq_lodul, uniq_maurice

Skill      XL: |  1  2  3  4  5  6  7  8  9 10 11 |
---------------+----------------------------------+-----
Polearms       | 3 4 5 7 9 11 13 14 15 | 15.4
Fighting       | 4 6 7 9 |  9.0
Armour         | 4 6 7 9 |  9.0
Dodging        | 1 4 6 7 |  7.3
Invocations    | 1 3 5 6 |  6.7
Shields        | |  3.6

Action                   |  1- 3 |  4- 6 |  7- 9 | 10-12 || total
-------------------------+-------+-------+-------+-------++-------
Melee: Trident           |    92 |    61 |   294 |       ||   447
       Headbutt          |     9 |    10 |    42 |    38 ||    99
       Scythe            |       |       |    33 |   255 ||   288
Invok: Lesser Servant of |       |       |       |     3 ||     3
       Minor Destruction |       |       |       |     1 ||     1
  Use: Scroll            |    11 |       |    14 |     5 ||    30
       Potion            |       |     2 |     2 |     2 ||     6
Armor: Scale mail        |    16 |       |       |       ||    16
       Chain mail        |    10 |       |       |       ||    10
       Plate armour      |       |    22 |   109 |   128 ||   259
Dodge: Dodged            |    23 |     9 |    54 |    80 ||   166
Block: Buckler           |    12 |     5 |    35 |       ||    52
